 Dungeon Crawl Stone Soup version 0.28-a0-828-g0121872642 (webtiles) character file.

Game seed: 16900393251506975567

88 cheechan the Shooter (level 4, -6/40 HPs)
             Began as a Naga Hunter on Nov 10, 2021.
             Killed from afar by an orc wizard (10 damage)
             ... with a puff of flame
             ... on level 3 of the Dungeon.
             The game lasted 00:09:24 (2050 turns).

cheechan the Shooter (Naga Hunter)                  Turns: 2050, Time: 00:09:25

Health: -6/40      AC:  4    Str: 14    XL:     4   Next: 53%
Magic:  4/4        EV:  9    Int: 12    God:
Gold:   1095       SH:  0    Dex: 12    Spells: 3/3 levels left

rFire   . . .      SeeInvis +   a - +1 shortbow
rCold   . . .      Faith    .   (shield currently unavailable)
rNeg    . . .      Spirit   .   c - +0 leather armour
rPois   +          Reflect  .   j - +0 helmet
rElec   .          Harm     .   (no cloak)
rCorr   +          Rampage  .   (no gloves)
Will    .....                   (no barding)
Stlth   +.........              (no amulet)
HPRegen 0.13/turn               h - ring of resist corrosion
MPRegen 0.09/turn               (no ring)

@: confused, short of breath, very slow
A: AC +1, large, see invisible, deformed body, poison resistance, slowness 2,
spit poison 1, naga tail 1
a: Spit Poison


You were on level 3 of the Dungeon.
You visited 1 branch of the dungeon, and saw 3 of its levels.

You collected 1095 gold pieces.

Inventory:

Hand Weapons
 a - a +1 shortbow (weapon)
 b - a +0 short sword
Missiles
 d - 2 arrows (quivered ammo)
Armour
 c - a +0 leather armour (worn)
 g - a +0 tower shield
 j - a +0 helmet (worn)
Jewellery
 h - a ring of resist corrosion (left hand)
Scrolls
 e - a scroll of identify
Potions
 f - 3 potions of curing
 i - a potion of magic {unknown}


   Skills:
 + Level 2.3 Fighting
 + Level 4.6 Bows
 + Level 1.2 Armour
 + Level 2.0 Dodging
 + Level 1.6 Stealth


You had 3 spell levels left.
You didn't know any spells.
Your spell library contained the following spells:

 Spells                   Type           Power      Damage    Failure   Level
 Beastly Appendage        Tmut           0%         N/A       38%         1
 Shock                    Conj/Air       0%         1d3       38%         1
 Corpse Rot               Necr/Air       0%         N/A       52%         2
 Poisonous Vapours        Pois/Air       0%         N/A       52%         2
 Wereblood                Tmut           0%         N/A       52%         2
 Spider Form              Tmut/Pois      0%         N/A       77%         3
 Swiftness                Air            0%         N/A       77%         3
 Airstrike                Air            0%         N/A       99%         4


Dungeon Overview and Level Annotations

Branches:
Dungeon (3/15)

Altars:
Qazlal

Shops:
D:1 *([


Innate Abilities, Weirdness & Mutations

Your serpentine skin is tough. (AC +1)
You have supernaturally acute eyesight. (SInv)
Armour fits poorly on your strangely shaped body.
Your system is resistant to poisons. (rPois)
You cover ground very slowly.
You can spit poison.
You have a snake-like lower body.


Message History

You shoot an arrow. The orc wizard completely misses you.
You shoot an arrow.
The orc wizard hits you with a +1 vampiric dagger.
The orc wizard draws strength from your wounds!
You shoot an arrow.
The arrow closely misses the orc wizard.
The orc wizard closely misses you.
You shoot an arrow.
The orc wizard hits you with a +1 vampiric dagger.
You shoot an arrow.
The orc wizard hits you with a +1 vampiric dagger.
You shoot an arrow.
You feel less confused. The orc wizard barely misses you.
Abil: Spit Poison
Press: ? - help, Q - select action, (/) - cycle Shift-Dir - straight line, f/p - orc wizard
Aim: an orc wizard, wielding a +1 vampiric dagger and wearing a +0 robe (heavily wounded, slightly transparent)
The splash of poison hits the orc wizard.
The orc wizard is heavily wounded.
The orc wizard gestures at you while chanting.
The puff of flame hits you!
* * * LOW HITPOINT WARNING * * *
Fire: 5 arrows
Press: ? - help, Shift-Dir - straight line, f/p - orc wizard
Aim: an orc wizard, wielding a +1 vampiric dagger and wearing a +0 robe (heavily wounded, slightly transparent, 55% to hit)
You shoot an arrow. The arrow hits the orc wizard.
The orc wizard is severely wounded.
The orc wizard hits you with a +1 vampiric dagger.
* * * LOW HITPOINT WARNING * * *
Fire: 4 arrows
Press: ? - help, Shift-Dir - straight line, f/p - orc wizard
Aim: an orc wizard, wielding a +1 vampiric dagger and wearing a +0 robe (severely wounded, slightly transparent, 55% to hit)
You shoot an arrow. The arrow hits the orc wizard.
The orc wizard is almost dead.
The orc wizard points at you and mumbles some strange words.
You are confused.
You shoot an arrow.
The orc wizard gestures at you while chanting.
The puff of flame hits you!
You die...

...≈≈≈≈≈.. #.(...(....
##..........
#......(..###
#...........
#....$....#
#......(((#
#......(..#
#)o@.†....#
..(((.(.........#
#######(........#
#........(#
<..........##########
###.........#.........
.(..(................
#########..(.........
##..♣..........


You could see an orc wizard (invisible).

Vanquished Creatures
  Robin (D:3)
  2 adders (D:3)
  2 worms
  2 dart slugs (D:1)
  2 orcs (D:3)
  4 ball pythons
  An endoplasm (D:1)
  A giant cockroach (D:1)
  12 goblins
  6 hobgoblins
  2 quokkas (D:1)
  3 bats
  A frilled lizard (D:3)
  4 kobolds
  A rat (D:1)
44 creatures vanquished.

Notes
Turn   | Place    | Note
-------+----------+-------------------------------------------
     0 | D:1      | cheechan the Naga Hunter began the quest for the Orb.
     0 | D:1      | Reached XP level 1. HP: 19/19 MP: 1/1
    74 | D:1      | Found a faded altar of an unknown god.
   159 | D:1      | Found Gumpeno's Antique Weapon Shop.
   380 | D:1      | Reached XP level 2. HP: 25/26 MP: 2/2
   444 | D:1      | Reached skill level 4 in Bows
   464 | D:1      | Found Feyts's Armour Shoppe.
   533 | D:1      | Found Astruyg's Assorted Antiques.
   769 | D:1      | Reached XP level 3. HP: 21/32 MP: 3/3
  1395 | D:2      | Identified a scroll of acquirement
  1395 | D:2      | Acquired 1051 gold pieces
  1537 | D:2      | Found a stormy altar of Qazlal.
  1876 | D:3      | Noticed Robin
  1899 | D:3      | Reached skill level 1 in Armour
  1899 | D:3      | Reached XP level 4. HP: 40/40 MP: 4/4
  1909 | D:3      | Killed Robin
  2050 | D:3      | Killed from afar by an orc wizard

Illustrated notes

Levels and vault maps discovered:
D:1:      minmay_arrival_wavy_path, layout_basic, basic_ecumenical_altar,
          serial_shops, nicolae_square_shop, shop, shop
D:2:      layout_loops_cross, basic_altar
D:3:      layout_basic, mainiacjoe_overflow_cross_hatched, grunt_ministairs_1,
          grunt_decor_junction, uniq_crazy_yiuf_cottage, uniq_robin

Skill      XL: |  1  2  3 |
---------------+----------+-----
Bows           | 4 |  4.6
Armour         | 1 |  1.2
Dodging        | 2 |  2.0
Fighting       | |  2.3
Stealth        | |  1.6

Action                   |  1- 3 |  4- 6 || total
-------------------------+-------+-------++-------
 Fire: Shortbow          |    68 |    49 ||   117
 Abil: Spit Poison       |    20 |    10 ||    30
  Use: Scroll            |     5 |       ||     5
       Potion            |     1 |       ||     1
Armor: Leather armour    |    16 |     4 ||    20
       Skin              |    25 |    15 ||    40
Dodge: Dodged            |    46 |    14 ||    60

Table legend: (Time is in decaauts)
 A = Elapsed time spent in this place.
 B = Non-inter-level travel time spent in this place.
 C = Inter-level travel time spent in this place.
 D = Time resting spent in this place.
 E = Time spent auto-exploring this place.
 F = Levels seen in this place.
 G = Mean time per level.
                   A        B        C        D        E       F      G
               +--------+--------+--------+--------+--------+-----+--------+
         Total |   2785 |   2785 |      0 |      8 |      0 |   3 |  928.3 |
       Dungeon |   2785 |   2785 |      0 |      8 |      0 |   3 |  928.3 |
               +--------+--------+--------+--------+--------+-----+--------+

Top non-repeatable levels by time:
     D:1: 1632 daAuts
     D:2: 903 daAuts
     D:3: 248 daAuts
